BR (22 & UNDER)
AMITY GARDENS WESTERNERS @ CLEARWATER CRAB PEOPLE
09/20/2028
 
TOP OF THE 1ST
Amity Gardens Westerners batting - Pitching for Clearwater Crab People : LHP Rick Davis
Pitching: LHP Rick Davis
Batting: RHB Jorge García 0-0: Called Strike
0-1: Ball
1-1: Fly out, F4 (Popup, 4)
Batting: SHB Howard Romero 0-0: Called Strike
0-1: Foul Ball, location: 2F
0-2: Ball
1-2: Ball
2-2: Reached via error on a dropped throw, E3
Batting: RHB Gustavo Todd 0-0: Called Strike
Throwing error on steal attempt, E2
Howard Romero to third
0-1: Ball
1-1: Ground out U3 (Groundball, 3S)
Batting: LHB Eddie Nealon 0-0: Called Strike
0-1: Ball
1-1: Called Strike
1-2: Ball
2-2: Strikes out swinging
Top of the 1st over - 0 run(s), 0 hit(s), 2 error(s), 1 left on base; Amity Gardens 0 - Clearwater 0
BOTTOM OF THE 1ST
Clearwater Crab People batting - Pitching for Amity Gardens Westerners : RHP Pablo García
Pitching: RHP Pablo García
Batting: RHB José Rodríguez 0-0: Foul Ball, location: 2F
0-1: Ball
1-1: Foul Ball, location: 2F
1-2: Strikes out swinging
Batting: RHB Garry Taylor 0-0: Fly out, F8 (Flyball, 78M)
Batting: SHB Pete Jones 0-0: Called Strike
0-1: Fly out, F8 (Line Drive, 89M)
Bottom of the 1st over - 0 run(s), 0 hit(s), 0 error(s), 0 left on base; Amity Gardens 0 - Clearwater 0
TOP OF THE 2ND
Amity Gardens Westerners batting - Pitching for Clearwater Crab People : LHP Rick Davis
Batting: RHB Jonathon García 0-0: Called Strike
0-1: Reached on error, E4 (Groundball, 4)
Batting: RHB Carlos Dumenigo 0-0: Called Strike
0-1: SINGLE (Groundball, 56D)
Jonathon García to second
Batting: RHB Xavier Silva 0-0: Ball
1-0: Ball
2-0: Ball
3-0: Base on Balls
Jonathon García to third
Carlos Dumenigo to second
Batting: RHB Ánibal Vega 0-0: Called Strike
0-1: Foul Ball, location: 2F
0-2: Strikes out looking
Batting: RHB Tomás Rivera 0-0: Ball
1-0: Ball
2-0: Ground out 5-3 (Groundball, 5S)
Jonathon García scores
Carlos Dumenigo to third
Xavier Silva to second
Batting: RHB Jorge García 0-0: Ball
1-0: Ball
2-0: Foul Ball, location: 2F
2-1: Fly out, F3 (Line Drive, 3L)
Top of the 2nd over - 1 run(s), 1 hit(s), 1 error(s), 2 left on base; Amity Gardens 1 - Clearwater 0
BOTTOM OF THE 2ND
Clearwater Crab People batting - Pitching for Amity Gardens Westerners : RHP Pablo García
Batting: LHB Ryan Martin 0-0: Ball
1-0: Ball
2-0: Ball
3-0: Base on Balls
Batting: LHB José Pérez 0-0: Ground out 4-3 (Groundball, 34)
Ryan Martin to second
Batting: RHB Brandon Davis 0-0: Ball
1-0: Fly out, F6 (Popup, 56D)
Batting: RHB Roald van Bladel 0-0: Ground out 1-3 (Groundball, 13S)
Bottom of the 2nd over - 0 run(s), 0 hit(s), 0 error(s), 1 left on base; Amity Gardens 1 - Clearwater 0
TOP OF THE 3RD
Amity Gardens Westerners batting - Pitching for Clearwater Crab People : LHP Rick Davis
Batting: SHB Howard Romero 0-0: Called Strike
0-1: Called Strike
0-2: Strikes out swinging
Batting: RHB Gustavo Todd 0-0: Called Strike
0-1: Ball
1-1: Swinging Strike
1-2: Ball
2-2: Strikes out swinging
Batting: LHB Eddie Nealon 0-0: SOLO HOME RUN (Flyball, 89XD), Distance : 436 ft
Batting: RHB Jonathon García 0-0: Ball
1-0: Foul Ball, location: 2F
1-1: Ground out 3-1 (Groundball, 2R)
Top of the 3rd over - 1 run(s), 1 hit(s), 0 error(s), 0 left on base; Amity Gardens 2 - Clearwater 0
BOTTOM OF THE 3RD
Clearwater Crab People batting - Pitching for Amity Gardens Westerners : RHP Pablo García
Batting: RHB Juan Carlos Cruz 0-0: Ball
1-0: Foul Ball, location: 2F
1-1: Ball
2-1: Fly out, F7 (Flyball, 78M)
Batting: RHB Bobby Burks 0-0: Ball
1-0: Ball
2-0: Foul Ball, location: 2F
2-1: Fly out, F4 (Popup, 34D)
Batting: RHB José Rodríguez 0-0: Ball
1-0: Ball
2-0: Reached on error, E7 (Line Drive, 7)
Batting: RHB Garry Taylor 0-0: Called Strike
0-1: Ball
1-1: SINGLE (Groundball, 56D)
José Rodríguez to third
Runner from 3rd tries for Home, SAFE, no throw
Batting: SHB Pete Jones 0-0: Ground out 1-3 (Groundball, 15S)
Bottom of the 3rd over - 1 run(s), 1 hit(s), 1 error(s), 1 left on base; Amity Gardens 2 - Clearwater 1
TOP OF THE 4TH
Amity Gardens Westerners batting - Pitching for Clearwater Crab People : LHP Rick Davis
Batting: RHB Carlos Dumenigo 0-0: Foul Ball, location: 2F
0-1: Swinging Strike
0-2: Ball
1-2: Strikes out swinging
Batting: RHB Xavier Silva 0-0: Foul Ball, location: 2F
0-1: Ball
1-1: Foul Ball, location: 2F
1-2: Ground out 1-3 (Groundball, 13S)
Batting: RHB Ánibal Vega 0-0: Foul Ball, location: 2F
0-1: Ball
1-1: Fly out, F9 (Flyball, 9S)
Top of the 4th over - 0 run(s), 0 hit(s), 0 error(s), 0 left on base; Amity Gardens 2 - Clearwater 1
BOTTOM OF THE 4TH
Clearwater Crab People batting - Pitching for Amity Gardens Westerners : RHP Pablo García
Batting: LHB Ryan Martin 0-0: Ball
1-0: Ball
2-0: Called Strike
2-1: Called Strike
2-2: Ball
3-2: Foul Ball, location: 2F
3-2: Strikes out swinging
Batting: LHB José Pérez 0-0: Called Strike
0-1: Fly out, F7 (Line Drive, 7)
Batting: RHB Brandon Davis 0-0: Foul Ball, location: 2F
0-1: Foul Ball, location: 2F
0-2: Ball
1-2: Strikes out swinging
Bottom of the 4th over - 0 run(s), 0 hit(s), 0 error(s), 0 left on base; Amity Gardens 2 - Clearwater 1
TOP OF THE 5TH
Amity Gardens Westerners batting - Pitching for Clearwater Crab People : LHP Rick Davis
Batting: RHB Tomás Rivera 0-0: Foul Ball, location: 2F
0-1: SINGLE (Groundball, 4M) (infield hit)
Batting: RHB Jorge García 0-0: Swinging Strike
0-1: Called Strike
0-2: Strikes out looking
Batting: SHB Howard Romero 0-0: Ball
1-0: Ball
2-0: Ball
3-0: Called Strike
3-1: Foul Ball, location: 2F
3-2: Base on Balls
Tomás Rivera to second
Batting: RHB Gustavo Todd 0-0: Foul Ball, location: 2F
0-1: Ground out 5-3 (Groundball, 56S)
Tomás Rivera to third
Howard Romero to second
Batting: LHB Eddie Nealon 0-0: Ball
1-0: Ball
2-0: Ball
3-0: Called Strike
3-1: Foul Ball, location: 2F
3-2: Fly out, F2 (Popup, 3S)
Top of the 5th over - 0 run(s), 1 hit(s), 0 error(s), 2 left on base; Amity Gardens 2 - Clearwater 1
BOTTOM OF THE 5TH
Clearwater Crab People batting - Pitching for Amity Gardens Westerners : RHP Pablo García
Batting: RHB Roald van Bladel 0-0: Ball
1-0: Called Strike
1-1: Ground out 5-3 (Groundball, 5S)
Batting: RHB Juan Carlos Cruz 0-0: Ball
1-0: Ball
2-0: Fly out, F5 (Popup, 56)
Batting: RHB Bobby Burks 0-0: Ball
1-0: Ball
2-0: Foul Ball, location: 2F
2-1: Swinging Strike
2-2: Ball
3-2: Base on Balls
Batting: RHB José Rodríguez 0-0: Fly out, F9 (Flyball, 9S)
Bottom of the 5th over - 0 run(s), 0 hit(s), 0 error(s), 1 left on base; Amity Gardens 2 - Clearwater 1
TOP OF THE 6TH
Amity Gardens Westerners batting - Pitching for Clearwater Crab People : LHP Rick Davis
Batting: RHB Jonathon García 0-0: Ball
1-0: SINGLE (Flyball, 7S)
Batting: RHB Carlos Dumenigo 0-0: SINGLE (Line Drive, 15)
Jonathon García to second
Batting: RHB Xavier Silva 0-0: Swinging Strike
0-1: Ball
1-1: Swinging Strike
1-2: Ground out 5-3 (Groundball, 56)
Jonathon García to third
Carlos Dumenigo to second
Batting: RHB Ánibal Vega 0-0: Intentional Walk
Pitching: LHP Tom Martin
Batting: RHB Tomás Rivera 0-0: Called Strike
0-1: Ball
1-1: Ball
2-1: Swinging Strike
2-2: Foul Ball, location: 2F
2-2: Strikes out swinging
Batting: RHB Jorge García 0-0: Ball
1-0: Swinging Strike
1-1: SINGLE (Groundball, 4MD)
Jonathon García scores
Carlos Dumenigo to third
Ánibal Vega to second
Runner from 3rd tries for Home, SAFE, throw made at trailing runner, OUT at third!
Top of the 6th over - 2 run(s), 3 hit(s), 0 error(s), 1 left on base; Amity Gardens 4 - Clearwater 1
BOTTOM OF THE 6TH
Clearwater Crab People batting - Pitching for Amity Gardens Westerners : RHP Pablo García
Batting: RHB Garry Taylor 0-0: Fly out, F8 (Line Drive, 8LD)
Batting: SHB Pete Jones 0-0: Called Strike
0-1: Swinging Strike
0-2: Fly out, F8 (Line Drive, 8LS)
Batting: LHB Ryan Martin 0-0: Ball
1-0: Swinging Strike
1-1: Called Strike
1-2: Strikes out swinging
Bottom of the 6th over - 0 run(s), 0 hit(s), 0 error(s), 0 left on base; Amity Gardens 4 - Clearwater 1
TOP OF THE 7TH
Amity Gardens Westerners batting - Pitching for Clearwater Crab People : LHP Tom Martin
Batting: SHB Howard Romero 0-0: Ball
1-0: Called Strike
1-1: Foul Ball, location: 2F
1-2: Ball
2-2: Foul Ball, location: 2F
2-2: Ball
3-2: Foul Ball, location: 2F
3-2: SINGLE (Groundball, 56S) (infield hit)
Batting: RHB Gustavo Todd 0-0: Ball
1-0: Swinging Strike
1-1: Ball
Wild Pitch!
Howard Romero to second
2-1: Intentional Walk
Batting: LHB Eddie Nealon 0-0: Ball
1-0: 3-RUN HOME RUN (Flyball, 7D), Distance : 387 ft
Pitching: RHP José Ortíz
Batting: RHB Jonathon García 0-0: Ball
1-0: Ball
2-0: Foul Ball, location: 2F
2-1: Foul Ball, location: 2F
2-2: Foul Ball, location: 2F
2-2: Ball
3-2: Base on Balls
Batting: RHB Carlos Dumenigo 0-0: Ball
1-0: SINGLE (Flyball, 89S)
Jonathon García to second
Batting: RHB Xavier Silva 0-0: Called Strike
0-1: Fly out, F7 (Flyball, 7)
Batting: RHB Ánibal Vega 0-0: Called Strike
0-1: Ball
1-1: Ball
2-1: Grounds into double play, 6-4-3 (Groundball, 6)
Top of the 7th over - 3 run(s), 3 hit(s), 0 error(s), 1 left on base; Amity Gardens 7 - Clearwater 1
BOTTOM OF THE 7TH
Clearwater Crab People batting - Pitching for Amity Gardens Westerners : RHP Pablo García
Batting: LHB José Pérez 0-0: Ball
1-0: Fly out, F7 (Line Drive, 7S)
Batting: RHB Brandon Davis 0-0: Swinging Strike
0-1: Called Strike
0-2: Foul Ball, location: 2F
0-2: Foul Ball, location: 2F
0-2: Ball
1-2: Foul Ball, location: 2F
1-2: Strikes out swinging
Batting: RHB Roald van Bladel 0-0: Fly out, F9 (Flyball, 9S)
Bottom of the 7th over - 0 run(s), 0 hit(s), 0 error(s), 0 left on base; Amity Gardens 7 - Clearwater 1
TOP OF THE 8TH
Amity Gardens Westerners batting - Pitching for Clearwater Crab People : RHP José Ortíz
Batting: RHB Tomás Rivera 0-0: SINGLE (Groundball, 6MD)
Batting: RHB Jorge García 0-0: Called Strike
0-1: Called Strike
0-2: Foul Ball, location: 2F
0-2: Ball
1-2: Foul Ball, location: 2F
1-2: Strikes out swinging
Batting: SHB Howard Romero 0-0: Swinging Strike
0-1: Ball
1-1: Foul Ball, location: 2F
1-2: Strikes out swinging
Batting: RHB Gustavo Todd 0-0: Called Strike
0-1: SINGLE (Line Drive, 89S)
Tomás Rivera to second
Batting: LHB Eddie Nealon 0-0: Ball
1-0: Called Strike
1-1: Ball
2-1: Ball
3-1: Swinging Strike
3-2: Base on Balls
Tomás Rivera to third
Gustavo Todd to second
Batting: RHB Jonathon García 0-0: Ball
1-0: Fly out, F9 (Line Drive, 9)
Top of the 8th over - 0 run(s), 2 hit(s), 0 error(s), 3 left on base; Amity Gardens 7 - Clearwater 1
BOTTOM OF THE 8TH
Clearwater Crab People batting - Pitching for Amity Gardens Westerners : RHP Pablo García
Now at 3B: Luis López
Now in CF: Josh Bergman
Batting: RHB Juan Carlos Cruz 0-0: Ball
1-0: Ball
2-0: Ball
3-0: Called Strike
3-1: Ground out 5-3 (Groundball, 56)
Batting: RHB Bobby Burks 0-0: Ball
1-0: Ball
2-0: Called Strike
2-1: Ball
3-1: Foul Ball, location: 2F
3-2: Foul Ball, location: 2F
3-2: Strikes out swinging
Batting: RHB José Rodríguez 0-0: Ball
1-0: Ball
2-0: Ball
3-0: Called Strike
3-1: Base on Balls
Pitching: RHP Rod Whitaker
Batting: RHB Garry Taylor 0-0: Called Strike
0-1: Ball
1-1: Foul Ball, location: 2F
1-2: Strikes out swinging
Bottom of the 8th over - 0 run(s), 0 hit(s), 0 error(s), 1 left on base; Amity Gardens 7 - Clearwater 1
TOP OF THE 9TH
Amity Gardens Westerners batting - Pitching for Clearwater Crab People : RHP José Ortíz
Pitching: LHP Walt MacKey
Batting: RHB Carlos Dumenigo 0-0: Foul Ball, location: 2F
0-1: Foul Ball, location: 2F
0-2: Strikes out swinging
Batting: RHB Xavier Silva 0-0: Ball
1-0: Foul Ball, location: 2F
1-1: SINGLE (Groundball, 6MD)
Batting: RHB Ánibal Vega 0-0: Fly out, F9 (Flyball, 9)
Batting: RHB Tomás Rivera 0-0: DOUBLE (Groundball, 5L)
Xavier Silva to third
Runner from 3rd tries for Home, SAFE, no throw
Batting: RHB Jorge García 0-0: Foul Ball, location: 2F
0-1: Ball
1-1: SINGLE (Groundball, 2L) (infield hit)
Tomás Rivera to third
Batting: RHB Luis López 0-0: Called Strike
0-1: Foul Ball, location: 2F
0-2: Ball
1-2: Foul Ball, location: 2F
1-2: Ball
2-2: Foul Ball, location: 2F
2-2: Foul Ball, location: 2F
2-2: Fielders Choice at 2nd, 6-4 (Groundball, 6)
Top of the 9th over - 1 run(s), 3 hit(s), 0 error(s), 1 left on base; Amity Gardens 8 - Clearwater 1
BOTTOM OF THE 9TH
Clearwater Crab People batting - Pitching for Amity Gardens Westerners : RHP Rod Whitaker
Now in RF: Manny Olhoa
Batting: SHB Pete Jones 0-0: Ball
1-0: Swinging Strike
1-1: Foul Ball, location: 2F
1-2: Strikes out swinging
Batting: LHB Ryan Martin 0-0: Called Strike
0-1: Called Strike
0-2: Strikes out looking
Batting: LHB José Pérez 0-0: Ball
1-0: Called Strike
1-1: Ball
2-1: Foul Ball, location: 2F
2-2: Foul Ball, location: 2F
2-2: Ball
3-2: Foul Ball, location: 2F
3-2: Foul Ball, location: 2F
3-2: Foul Ball, location: 2F
3-2: Strikes out looking
Bottom of the 9th over - 0 run(s), 0 hit(s), 0 error(s), 0 left on base; Amity Gardens 8 - Clearwater 1
Tuesday, August 8th, 2017 - OOTP Baseball 17.12 Build 75